 Dungeon Crawl Stone Soup version bcrawl-1.13.4 (webtiles) character file.

Game seed: 1377752600651220564

1122 xeno23 the Cudgeler (level 8, -2/63 HPs)
             Began as an Oni Fire Elementalist on Aug 13, 2019.
             Was an Initiate of Ru.
             Slain by a centaur (5 damage)
             ... on level 6 of the Dungeon.
             The game lasted 00:31:25 (5302 turns).

xeno23 the Cudgeler (Oni Fire Elementalist)         Turns: 5302, Time: 00:31:25

Health: -2/63      AC:  5    Str: 13    XL:     8   Next: 35%
Magic:  8/16       EV: 12    Int: 18    God:    Ru [......]
Gold:   345        SH:  0    Dex: 11    Spells: 6/15 levels left

rFire    + . .     SeeInvis .   q - +3 mace (crush)
rCold    . . .     Gourm    .   (no shield)
rNeg     . . .     Faith    .   r - +0 leather armour
rPois    .         Spirit   .   (helmet restricted)
rElec    .         Reflect  .   (no cloak)
rCorr    .         Harm     .   (no gloves)
MR       .....                  l - +1 pair of boots
Stlth    +.........             (no amulet)
HPRegen  0.20/turn              f - ring of protection from fire
MPRegen  0.15/turn              (no ring)

@: invisible
A: oni magic, claws 1, fangs 1, horns 1, screaming 1, wild magic 1
a: Renounce Religion


You were on level 6 of the Dungeon.
You worshipped Ru.
Ru was noncommittal.
You were hungry.

You visited 2 branches of the dungeon, and saw 7 of its levels.

You collected 345 gold pieces.

Inventory:

Hand Weapons
 q - a +3 mace of crushing (weapon)
 v - a +0 spear
Armour
 l - a +1 pair of boots (worn)
 r - a +0 leather armour (worn)
 t - a +0 ring mail
Jewellery
 f - a ring of protection from fire (left claw)
Wands
 i - a wand of paralysis (16)
 j - a wand of flame (17)
Scrolls
 d - 7 scrolls of remove curse
 g - a scroll of identify
 m - 3 scrolls of enchant armour
 n - a scroll of noise
 u - a scroll of teleportation {unknown}
Potions
 a - a potion of mutation
 b - a potion of invisibility
 e - a potion of lignification
 h - a potion of flight
 k - a potion of brilliance
 o - 3 potions of might
 p - 2 potions of ambrosia
 s - a potion of cancellation
Comestibles
 c - 11 rations {!d}


   Skills:
 - Level 3.2 Fighting
 * Level 5.5 Maces & Flails
 - Level 3.5 Dodging
 - Level 1.7 Stealth
 * Level 4.4 Spellcasting
 - Level 1.2 Evocations


You had 6 spell levels left.
You knew the following spells:

 Your Spells              Type           Power        Failure   Level  Hunger
a - Magic Dart            Conj           ####         4%          1    None
d - Conjure Flame         Conj/Fire      ####....     13%         3    ###....
q - Flame Tongue          Conj/Fire      ####.        5%          1    None
s - Sticky Flame          Conj/Fire      ####....     36%         4    ####...

Your spell library contained the following spells:

 Spells                   Type           Power        Failure   Level  Hunger
 Song of Slaying          Chrm           ####....     5%          2    #......
 Passwall                 Tmut/Erth      ####....     7%          2    #......
 Inner Flame              Hex/Fire       N/A          13%         3    ###....
 Spider Form              Tmut/Pois      ###          13%         3    ###....
 Fireball                 Conj/Fire      ####......   71%         5    ######.


Dungeon Overview and Level Annotations

Branches:
Dungeon (6/12)             Temple (1/1) D:5

Altars:
Elyvilon
Fedhas
Gozag
Hepliaklqana
Kikubaaqudgha
Lugonu
Makhleb
Nemelex Xobeh
Qazlal
Ru
Vehumet
Wu Jian
Xom
Zin
The Shining One

Shops:
D:5 =


Innate Abilities, Weirdness & Mutations

You learn spells by gaining experience, not through books or religion.
You only train spellcasting to practice magic.
You have sharp fingernails.
You have very sharp teeth.
You have a pair of small horns on your head.
You occasionally shout uncontrollably at your foes.
Your spells are a little harder to cast, but a little more powerful.


Message History

The sticky flame hits the centaur.
The centaur is moderately wounded.
The centaur is covered in liquid flames!
The centaur burns!
The gnoll closely misses you. The centaur misses you.
The gnoll barely misses you.
You hit the centaur but do no damage. You bite the centaur.
The centaur is heavily wounded.
The centaur burns!
The centaur hits you.
The gnoll hits you from afar with a +0 spear!
* * * LOW HITPOINT WARNING * * *
The centaur hits you but does no damage.
The gnoll hits you with a +0 whip!
* * * LOW HITPOINT WARNING * * *
Press: ? - help, v - describe, . - travel
Here: a gnoll, wielding a +0 whip The floor.
Unknown command.
You fade into invisibility!
The centaur burns!
The centaur hits you.
You die...

.......##..##.............##...#.
.......#.....................<.#.
.......#...##....##............#.
.......##..##....##............#.
.......##..##.....#.......######.
............+.....#.......#
............#.....#........
...........##....##.........
...##..##..##...@##..........
...##..##..##..gc#g..........O
#####..#...#.....g........##...
#..#...'.....##g......# #+##
#..#...#.....# .... ..##..##....#
... #. #....# .. #..... [ '....#


You could see a centaur (burning) and 2 gnolls.

Vanquished Creatures
  A sky beast (D:4)
  An ogre (D:6)
  A scorpion (D:4)
  2 howler monkeys
  2 crimson imps
  3 hounds
  2 orc priests (D:5)
  A centaur skeleton (D:6)
  Jessica (D:3)
  3 iguanas
  2 orc wizards (D:5)
  A worker ant (D:4)
  Natasha (thrice) (D:4)
  A hound zombie (D:6)
  Robin (D:4)
  4 adders
  3 gnolls (D:5)
  3 oozes
  2 worms
  3 dart slugs
  2 leopard geckos
  11 orcs
  A giant cockroach (D:1)
  12 goblins
  12 hobgoblins
  19 jackals
  10 kobolds
  3 quokkas
  6 bats
  5 frilled lizards
  5 rats
  A rat zombie (D:3)
127 creatures vanquished.

Vanquished Creatures (others)
  A sky beast (D:3)
1 creature vanquished.

Grand Total: 128 creatures vanquished

Notes
Turn   | Place    | Note
-------+----------+-------------------------------------------
     0 | D:1      | xeno23 the Oni Fire Elementalist began the quest for the
                  | Orb.
     0 | D:1      | Reached XP level 1. HP: 14/14 MP: 4/4
   169 | D:1      | Reached XP level 2. HP: 15/22 MP: 2/6
   172 | D:1      | Learned a level 1 spell: Magic Dart
   306 | D:1      | Reached XP level 3. HP: 9/27 MP: 0/8
   358 | D:1      | Reached skill level 1 in Fighting
  1061 | D:2      | Reached XP level 4. HP: 28/35 MP: 3/9
  1067 | D:2      | Learned a level 4 spell: Sticky Flame
  1485 | D:2      | Found a glowing silver altar of Zin.
  1485 | D:2      | Found an opulent altar of Gozag.
  1662 | D:3      | Found an ancient bone altar of Kikubaaqudgha.
  1961 | D:3      | Gained mutation: You are partially covered in thin metallic
                  | scales. (AC +2) [potion of mutation]
  1961 | D:3      | Gained mutation: You are weak. (Str -2) [potion of
                  | mutation]
  1961 | D:3      | Gained mutation: You expend magic power (3 MP) to
                  | strengthen your wands. [potion of mutation]
  1962 | D:3      | Lost mutation: You expend magic power (3 MP) to strengthen
                  | your wands. [potion of mutation]
  1962 | D:3      | Lost mutation: You are weak. (Str -2) [potion of mutation]
  1962 | D:3      | Lost mutation: You are partially covered in thin metallic
                  | scales. (AC +2) [potion of mutation]
  1962 | D:3      | Gained mutation: You occasionally shout uncontrollably at
                  | your foes. [potion of mutation]
  1962 | D:3      | Gained mutation: Your spells are a little harder to cast,
                  | but a little more powerful. [potion of mutation]
  1997 | D:3      | Found a sparkling altar of Nemelex Xobeh.
  1997 | D:3      | Noticed Jessica
  2006 | D:3      | Killed Jessica
  2006 | D:3      | Reached skill level 1 in Maces & Flails
  2006 | D:3      | Reached XP level 5. HP: 32/41 MP: 5/10
  2155 | D:4      | Noticed Natasha
  2162 | D:4      | Killed Natasha
  2270 | D:4      | Reached skill level 2 in Maces & Flails
  2276 | D:4      | Noticed a sky beast
  2312 | D:4      | Noticed Natasha
  2550 | D:3      | You fall into a shaft and drop 1 floor!
  2642 | D:4      | Reached XP level 6. HP: 42/48 MP: 8/12
  2684 | D:4      | Noticed Robin
  2693 | D:4      | Paralysed by Robin for 3 turns
  2704 | D:4      | Paralysed by Robin for 4 turns
  2922 | D:4      | Killed Robin
  3055 | D:4      | Noticed a sky beast
  3061 | D:4      | Killed a sky beast
  3061 | D:4      | Reached skill level 3 in Maces & Flails
  3234 | D:3      | Killed a sky beast
  3234 | D:3      | Reached XP level 7. HP: 9/56 MP: 1/14
  3448 | D:4      | Killed Natasha
  3513 | D:4      | Noticed Natasha
  3525 | D:4      | Killed Natasha
  3585 | D:5      | Entered Level 5 of the Dungeon
  3630 | D:4      | Learned a level 3 spell: Conjure Flame
  3641 | D:5      | Reached skill level 4 in Maces & Flails
  3648 | D:5      | Reached skill level 1 in Evocations
  4086 | D:5      | Found a staircase to the Ecumenical Temple.
  4100 | D:5      | Reached XP level 8. HP: 45/63 MP: 10/16
  4112 | Temple   | Entered the Ecumenical Temple
  4593 | Temple   | Became a worshipper of Ru the Awakened
  4748 | D:5      | Found Gyemp's Jewellery Emporium.
  4949 | D:6      | Reached skill level 5 in Maces & Flails
  5117 | D:6      | Noticed a two-headed ogre
  5301 | D:6      | HP: 3/63 [gnoll/+0 whip (7)]
  5302 | D:6      | Slain by a centaur

Skill      XL: |  1  2  3  4  5  6  7  8 |
---------------+-------------------------+-----
Dodging        | 2 3 |  3.5
Spellcasting   | 2 3 4 |  4.4
Fighting       | 1 2 3 |  3.2
Maces & Flails | 1 2 3 4 5 |  5.5
Evocations     | 1 |  1.2
Stealth        | |  1.7

Action                   |  1- 3 |  4- 6 |  7- 9 || total
-------------------------+-------+-------+-------++-------
Melee: Unarmed           |    36 |       |       ||    36
       Headbutt          |     9 |     4 |     8 ||    21
       Bite              |     4 |     4 |     7 ||    15
       Short sword       |    39 |     3 |       ||    42
       Mace              |       |    45 |    79 ||   124
 Cast: Flame Tongue      |    11 |    19 |    17 ||    47
       Magic Dart        |    60 |    99 |    82 ||   241
       Sticky Flame      |       |     1 |     1 ||     2
       Conjure Flame     |       |       |     2 ||     2
  Use: Scroll            |       |     7 |     8 ||    15
       Potion            |       |     2 |     1 ||     3
 Stab: Sleeping          |     3 |       |       ||     3
  Eat: Chunk             |     2 |     7 |     7 ||    16
Armor: Animal skin       |    26 |     4 |       ||    30
       Leather armour    |       |    18 |    17 ||    35
Dodge: Dodged            |    54 |    53 |    66 ||   173
